 Dungeon Crawl Stone Soup version 0.28-a0-706-gf6f64a616a (webtiles) character file.

Game seed: 8126972656361611528

21856 frimble the Arsonist (level 12, 0/92 HPs)
             Began as a Demonspawn Fire Elementalist on Oct 25, 2021.
             Was a Follower of Cheibriados.
             Engulfed by a cloud of flame (19 damage)
             ... on level 1 of the Lair of Beasts.
             The game lasted 00:26:01 (14633 turns).

frimble the Arsonist (DsFE)                        Turns: 14633, Time: 00:26:01

Health: 0/92       AC:  9    Str: 12    XL:     12   Next: 57%
Magic:  10/18      EV: 12    Int: 22    God:    Cheibriados [*.....]
Gold:   928        SH:  8    Dex: 16    Spells: 8/19 levels left

rFire   . . .      SeeInvis .   e - +5 rapier
rCold   + . .      Faith    .   H - +2 buckler {rC+}
rNeg    . . .      Spirit   .   K - +0 troll leather armour
rPois   .          Reflect  .   l - +1 helmet
rElec   .          Harm     .   z - +0 cloak
rCorr   .          Rampage  .   p - +2 pair of gloves
Will    .....                   (boots unavailable)
Stlth   +++.......              s - amulet of regeneration
HPRegen 2.25/turn               (no ring)
MPRegen 0.16/turn               (no ring)

@: corroded, studying Fire Magic, very slow
A: hooves 3, slimy green scales 1, condensation shield, demonic magic 2
a: Renounce Religion, Bend Time


You were on level 1 of the Lair of Beasts.
You worshipped Cheibriados.
Cheibriados was aware of your devotion.
You visited 3 branches of the dungeon, and saw 14 of its levels.
You also visited: Gauntlet.

You collected 1000 gold pieces.
You spent 72 gold pieces at shops.

Inventory:

Hand Weapons
 e - a +5 rapier (weapon)
 k - a +0 dagger of venom
Missiles
 x - 6 silver javelins
 D - 3 throwing nets
Armour
 a - a +2 kite shield of reflection
 l - a +1 helmet (worn)
 p - a +2 pair of gloves (worn)
 t - the +0 pair of boots of Sunlight {rF+ Dex+4 Stlth+}
   (You found it in a Gauntlet)

   Dex:       It affects your dexterity (+4).
   rF:        It protects you from fire.
   Stlth:     It makes you more stealthy.
 z - a +0 cloak (worn)
 H - a +2 buckler of cold resistance (worn)
 K - a +0 troll leather armour (worn)
Jewellery
 d - a ring of flight
 g - an amulet of reflection
 s - an amulet of regeneration (around neck)
 G - an amulet of magic regeneration
 O - a +6 ring of intelligence
Wands
 j - a wand of acid (5)
 w - a wand of iceblast (10)
 B - a wand of paralysis (3)
 E - a wand of polymorph (8)
 F - a wand of flame (9)
 P - a wand of charming (7)
Scrolls
 i - 3 scrolls of teleportation
 n - a scroll of fear
 o - 6 scrolls of magic mapping
 y - 3 scrolls of amnesia
 C - 3 scrolls of fog
 I - 2 scrolls of blinking
 N - 3 scrolls of identify
Potions
 b - 3 potions of might
 c - 9 potions of curing
 f - 4 potions of heal wounds
 h - 2 potions of resistance
 m - 2 potions of mutation
 q - a potion of brilliance {unknown}
 r - 2 potions of magic {unknown}
 u - 3 potions of cancellation {unknown}
 v - a potion of degeneration {unknown}
 A - 2 potions of haste
 J - a potion of flight
 M - a potion of lignification
Miscellaneous
 L - a box of beasts


   Skills:
 + Level 7.7 Fighting
 + Level 9.3 Short Blades
 - Level 4.0 Armour
 - Level 1.7 Dodging
 - Level 6.0 Stealth
 + Level 6.2 Shields
 - Level 4.0 Spellcasting
 - Level 7.2 Conjurations
 + Level 3.5 Hexes
 + Level 12.3 Fire Magic
 - Level 4.0 Evocations


You had 8 spell levels left.
You knew the following spells:

 Your Spells              Type           Power      Damage    Failure   Level
a - Foxfire               Conj/Fire      100%       2x1d9     1%          1
b - Flame Wave            Conj/Fire      47%        3d9       2%          4
c - Conjure Flame         Conj/Fire      47%        6-21      1%          3
d - Inner Flame           Hex/Fire       39%        N/A       1%          3

Your spell library contained the following spells:

 Spells                   Type           Power      Damage    Failure   Level
 Scorch                   Fire           100%       2d10      1%          2
 Shock                    Conj/Air       80%        1d8       3%          1
 Beastly Appendage        Tmut           8%         N/A       14%         1
 Pain                     Necr           16%        1d4       14%         1
 Passwall                 Tmut/Erth      3%         N/A       22%         2
 Wereblood                Tmut           4%         N/A       22%         2
 Cause Fear               Hex            9%         N/A       32%         4
 Spider Form              Tmut/Pois      2%         N/A       38%         3
 Swiftness                Air            4%         N/A       38%         3
 Leda's Liquefaction      Hex/Erth       6%         N/A       56%         4
 Airstrike                Air            2%         N/A       80%         4
 Agony                    Necr           4%         N/A       98%         5
 Excruciating Wounds      Necr           2%         N/A       98%         5
 Lee's Rapid Deconstruct  Erth           2%         3d5*      98%         5
 Invisibility             Hex            9%         N/A       99%         6
 Statue Form              Tmut/Erth      2%         N/A       100%        6
 Discord                  Hex            9%         N/A       100%        8


Dungeon Overview and Level Annotations

Branches:
Dungeon (11/15)            Temple (1/1) D:6            Lair (2/6) D:10
 Shoals (0/4) Lair:2      Gauntlet (visited)
  Snake: Lair:2-4    Spider: Lair:2-4       Orc: D:9-12

Altars:
Ashenzari
Cheibriados
Dithmenos
Elyvilon
Fedhas
Gozag
Hepliaklqana
Kikubaaqudgha
Makhleb
Nemelex Xobeh
Okawaru
Qazlal
Ru
Sif Muna
Trog
Uskayaw
Vehumet
Wu Jian
Xom
Yredelemnul
Zin
The Shining One

Shops:
D:2 !   D:5 **

Annotations:
Lair:2 exclusion: oklob plant


Innate Abilities, Weirdness & Mutations

You have hooves in place of feet.
You are partially covered in slimy green scales. (AC +2)
A meltable shield of frost defends you. (SH +0)
Spells you cast may paralyse nearby enemies.


Message History

The splash of acid hits you!!
Casting: Foxfire (safe; 1% risk of failure)
Confirm with . or Enter, or press ? or * to list all spells.
You conjure some foxfire!
Malevolent energies surge around you.
Casting: Foxfire (safe; 1% risk of failure)
Confirm with . or Enter, or press ? or * to list all spells.
You conjure some foxfire!
Malevolent energies surge around you.
The foxfire hits the oklob plant!
Flame seeps out of the oklob plant.
The oklob plant is heavily damaged.
The foxfire hits the oklob plant but does no damage.
The oklob plant is heavily damaged.
The oklob plant is engulfed in blazing flames.
Flame seeps out of the oklob plant.
Casting: Foxfire (safe; 1% risk of failure)
Confirm with . or Enter, or press ? or * to list all spells.
You conjure some foxfire!
Malevolent energies surge around you.
The foxfire hits the oklob plant but does no damage.
The oklob plant is heavily damaged.
The oklob plant is engulfed in blazing flames.
Flame seeps out of the oklob plant.
Casting: Foxfire (safe; 1% risk of failure)
Confirm with . or Enter, or press ? or * to list all spells.
You conjure some foxfire!
Malevolent energies surge around you.
The oklob plant suddenly stops moving!
The foxfire hits the oklob plant.
Flame seeps out of the oklob plant.
The oklob plant is severely damaged.
The oklob plant is engulfed in blazing flames.
The oklob plant explodes!
The fiery explosion engulfs your foxfire.
Your foxfire completely resists.
The tree burns like a torch!
You smell burning wood.
You are engulfed in blazing flames.
Your condensation shield dissipates!
You are engulfed in blazing flames.
Your foxfire dissipates! x2
You are engulfed in blazing flames.
* * * LOW HITPOINT WARNING * * *
The forest fire spreads! x2
You are engulfed in blazing flames.
You die...

....##.#.#..## ##............#P##
....######...♣♣♣♣♣.♣.............
....# #..♣♣.♣..♣♣♣............
#...# #..♣.♣.♣♣♣♣♣........#..#
#...######..♣..♣.♣.♣♣........####
##..[...........♣.♣.♣........#
#..............§♣.♣♣##.###..#
#..#####.......♣.♣♣ ## #..####
##..## ##....$$@§♣ ### #......
#P...# ##....._§§§♣♣♣#.###......
....## #...♣♣♣§§§§♣♣.........###
.....# ##..♣ ♣♣§§§♣♣.........#
##..## #..# ♣§♣♣§###..#...##
#...# #..# ##.<## ####...# #...#
####..# #..########..# #
##..###.##..#####..##.#..##..#..#
.................................


There were no monsters in sight!

Vanquished Creatures
  A minotaur (Gauntlet)
  Harold (D:9)
  3 two-headed ogres
  Erica (D:11)
  2 tengu warriors (D:10)
  Pikel (D:8)
  2 oklob plants (Lair:1)
  A cyclops (D:11)
  A black mamba (Lair:2)
  4 elephants (Lair:2)
  Maurice (D:8)
  7 cane toads
  An apocalypse crab (Gauntlet)
  2 minotaur zombies (Gauntlet)
  Psyche (D:8)
  A komodo dragon (Lair:2)
  A polar bear (Lair:1)
  Prince Ribbit (D:8)
  4 trolls
  2 shadows (D:9)
  8 yaks
  3 wyverns
  2 basilisks
  A ynoxinul (Gauntlet)
  Grum (D:9)
  Edmund (D:6)
  3 wargs
  2 acid dragons
  6 water moccasins
  2 ice beasts
  4 orc warriors
  A sky beast (D:5)
  A black bear (D:4)
  2 ogres
  7 wolves
  3 centaurs
  2 lemures (D:8)
  3 phantoms
  A kobold brigand (D:9)
  6 bullfrogs
  5 gnoll sergeants
  2 scorpions
  9 killer bees
  6 wights
  8 howler monkeys
  A centaur zombie (D:5)
  7 orc priests
  6 hounds
  Crazy Yiuf (D:7)
  4 iron imps (Gauntlet)
  A gnoll shaman (D:9)
  6 iguanas
  8 orc wizards
  A killer bee zombie (D:8)
  2 hound skeletons (D:4)
  Robin (D:4)
  A howler monkey zombie (D:9)
  11 gnolls
  8 adders
  2 shadow imps
  2 ufetubi (D:5)
  2 worms
  5 dart slugs
  45 orcs
  2 endoplasms
  3 giant cockroaches
  19 goblins
  7 hobgoblins
  8 kobolds
  A quokka (D:3)
  6 ball pythons
  5 bats
  5 frilled lizards
  5 rats
302 creatures vanquished.

Vanquished Creatures (others)
  718 foxfires
  4 fungi (Lair:2)
  5 plants (Lair:2)
727 creatures vanquished.

Grand Total: 1029 creatures vanquished

Notes
Turn   | Place    | Note
-------+----------+-------------------------------------------
     0 | D:1      | frimble the Demonspawn Fire Elementalist began the quest
                  | for the Orb.
     0 | D:1      | Reached XP level 1. HP: 13/13 MP: 3/3
   260 | D:1      | Gained mutation: Spells you cast may paralyse adjacent
                  | enemies. [demonic ancestry]
   260 | D:1      | Reached XP level 2. HP: 13/19 MP: 5/5
   262 | D:1      | Reached skill level 3 in Fire Magic
   617 | D:1      | Reached skill level 1 in Short Blades
  1085 | D:2      | Gained mutation: You are partially covered in slimy green
                  | scales. (AC +2) [demonic ancestry]
  1085 | D:2      | Reached XP level 3. HP: 24/24 MP: 2/6
  1238 | D:2      | Found Kyaf's Distillery.
  1248 | D:2      | Bought a potion of curing for 36 gold pieces
  2448 | D:3      | Gained mutation: Spells you cast may paralyse nearby
                  | enemies. [demonic ancestry]
  2448 | D:3      | Reached XP level 4. HP: 26/30 MP: 7/7
  3561 | D:4      | Reached XP level 5. HP: 35/35 MP: 4/8
  3746 | D:4      | Noticed Robin
  3756 | D:4      | Killed Robin
  3783 | D:4      | Reached XP level 6. HP: 23/41 MP: 0/9
  4093 | D:4      | Reached skill level 4 in Fire Magic
  4150 | D:4      | Found a shimmering blue altar of Sif Muna.
  4472 | D:5      | Entered Level 5 of the Dungeon
  4537 | D:5      | Gained mutation: You have large cloven feet. [demonic
                  | ancestry]
  4537 | D:5      | Reached XP level 7. HP: 44/46 MP: 7/10
  4725 | D:5      | Reached skill level 5 in Conjurations
  5003 | D:5      | Found Mohax's General Store.
  5007 | D:5      | Found Sikkoce's Specific Store.
  5012 | D:5      | Bought a potion of lignification for 36 gold pieces
  5337 | D:5      | Reached skill level 5 in Fire Magic
  5452 | D:6      | Reached XP level 8. HP: 52/52 MP: 5/11
  5933 | D:6      | Reached skill level 5 in Short Blades
  5974 | D:5      | Learned a level 4 spell: Flame Wave
  5991 | D:6      | Reached skill level 6 in Fire Magic
  6075 | D:6      | Noticed Edmund
  6087 | D:6      | Killed Edmund
  6182 | D:6      | Found a staircase to the Ecumenical Temple.
  6387 | D:6      | Found a broken altar of Ashenzari.
  6387 | D:6      | Found a radiant altar of Vehumet.
  6859 | D:7      | Found a runed translucent door.
  6860 | D:7      | Noticed Crazy Yiuf
  6990 | D:7      | Found an opulent altar of Gozag.
  7082 | D:7      | Reached skill level 7 in Fire Magic
  7227 | D:7      | Killed Crazy Yiuf
  7228 | D:7      | Gained mutation: A meltable shield of frost defends you.
                  | (SH +0) [demonic ancestry]
  7228 | D:7      | Reached XP level 9. HP: 58/58 MP: 12/12
  7270 | D:8      | Noticed Psyche
  7418 | D:9      | Reached skill level 1 in Fighting
  7521 | D:9      | Noticed Harold
  7540 | D:9      | Killed Harold
  7541 | D:9      | Reached skill level 5 in Stealth
  7615 | D:9      | Found a shadowy altar of Dithmenos.
  7623 | D:9      | Found a sparkling altar of Nemelex Xobeh.
  7625 | D:9      | Found a basalt altar of Yredelemnul.
  7757 | D:9      | Reached skill level 8 in Fire Magic
  7781 | D:9      | Noticed Grum
  7796 | D:9      | Killed Grum
  8055 | D:9      | Gained mutation: You have hoof-like feet. [demonic
                  | ancestry]
  8055 | D:9      | Reached XP level 10. HP: 60/70 MP: 6/13
  8229 | D:9      | Noticed a two-headed ogre
  8235 | D:9      | Killed a two-headed ogre
  8236 | D:9      | Reached skill level 1 in Shields
  9210 | D:8      | Reached skill level 9 in Fire Magic
  9385 | D:8      | Noticed Prince Ribbit
  9399 | D:8      | Killed Prince Ribbit
  9645 | D:8      | Killed Psyche
  9784 | D:8      | Noticed Pikel
  9790 | D:8      | Killed Pikel
  9944 | D:8      | Noticed Maurice
  9970 | D:8      | Killed Maurice
 10429 | D:10     | Entered Level 10 of the Dungeon
 10436 | D:10     | Reached skill level 5 in Fighting
 10439 | D:10     | Reached XP level 11. HP: 75/79 MP: 10/17
 10509 | D:10     | Noticed a tengu warrior
 10590 | D:10     | Killed a tengu warrior
 10591 | D:10     | Reached skill level 10 in Fire Magic
 10592 | D:10     | Noticed a tengu warrior
 10693 | D:10     | Killed a tengu warrior
 10744 | D:10     | Found a staircase to the Lair.
 10822 | D:10     | Found a hazy altar of Hepliaklqana.
 10865 | D:10     | Found an ancient bone altar of Kikubaaqudgha.
 11293 | D:11     | Noticed a two-headed ogre
 11304 | D:11     | Killed a two-headed ogre
 11382 | D:11     | Noticed Erica
 11386 | D:11     | Killed Erica
 11387 | D:11     | Reached skill level 1 in Armour
 11396 | D:11     | Noticed a two-headed ogre
 11430 | D:11     | Killed a two-headed ogre
 11468 | D:11     | Found a gate leading to a gauntlet.
 11473 | Gauntlet | Entered a Gauntlet
 11473 | Gauntlet | Found a transporter.
 11473 | Gauntlet | Found a transporter.
 11473 | Gauntlet | Found a runed translucent gate.
 11473 | Gauntlet | Found a runed translucent gate.
 11490 | Gauntlet | Found a transporter.
 11493 | Gauntlet | Found a transporter.
 11501 | Gauntlet | Found a transporter.
 11505 | Gauntlet | Found a transporter.
 11517 | Gauntlet | Found a transporter.
 11522 | Gauntlet | Found a runed translucent door.
 11530 | Gauntlet | Found a transporter.
 11544 | Gauntlet | Found a transporter.
 11548 | Gauntlet | Found a transporter.
 11556 | Gauntlet | Found a transporter.
 11556 | Gauntlet | Noticed a fire crab
 11560 | Gauntlet | Found a transporter.
 11562 | Gauntlet | Found a runed translucent gate.
 11682 | Gauntlet | Identified the +0 pair of gloves "Polacoiz" {-Cast Harm
                  | Will++ Regen+}
 11762 | Gauntlet | Reached skill level 11 in Fire Magic
 11835 | Gauntlet | Identified the +0 pair of boots of Sunlight {rF+ Dex+4
                  | Stlth+}
 11860 | Gauntlet | Learned a level 3 spell: Conjure Flame
 11864 | Gauntlet | Learned a level 3 spell: Inner Flame
 11869 | Gauntlet | Noticed a minotaur
 11891 | Gauntlet | Killed a minotaur
 11930 | Gauntlet | Reached skill level 5 in Shields
 12648 | Temple   | Entered the Ecumenical Temple
 12731 | Temple   | Became a worshipper of Cheibriados the Contemplative
 12856 | Lair:1   | Entered Level 1 of the Lair of Beasts
 12969 | Lair:1   | You fall into a shaft and drop 1 floor!
 12977 | Lair:2   | Gained mutation: You have hooves in place of feet. [demonic
                  | ancestry]
 12977 | Lair:2   | Reached XP level 12. HP: 78/89 MP: 12/18
 12983 | Lair:2   | Reached skill level 1 in Hexes
 13126 | Lair:2   | Found a staircase to the Shoals.
 13388 | Lair:2   | HP: 3/91 [oklob plant/splash of acid (32)]
 13861 | Lair:2   | Reached * piety under Cheibriados
 13862 | Lair:2   | Reached skill level 12 in Fire Magic
 14546 | Lair:1   | Found a blossoming altar of Fedhas.
 14633 | Lair:1   | Engulfed by a cloud of flame

Illustrated notes

Levels and vault maps discovered:
D:1:      giann_horns, layout_basic, serial_forest, infiniplex_forest_corner_2,
          infiniplex_forest_clump_small, infiniplex_forest_corner_1,
          infiniplex_forest_end_3, infiniplex_forest_lined_2,
          infiniplex_forest_lined_room_2, infiniplex_forest_end_1,
          serial_park_tiny_2, fountainhead, minmay_split_cup_large
D:2:      layout_rooms, serial_shops, shop, hangedman_decor_clover_reticule,
          grunt_ministairs_4
D:3:      layout_loops_corners, roderic_lattice_a
D:4:      layout_basic, lemuel_blue_sif_altar, uniq_robin
D:5:      layout_rooms, nicolae_specific_store, minmay_manual_monstrance
D:6:      layout_basic, gammafunk_temple_overflow_statue, temple_statues,
          uniq_edmund
D:7:      layout_basic, amcnicky_altar_gilded, uniq_crazy_yiuf_cottage
D:8:      layout_loops_ring, special_room [special_room_orc],
          hangedman_abyss_or_decor_passed, uniq_prince_ribbit1, uniq_pikel,
          uniq_maurice, uniq_psyche
D:9:      minmay_razor_zed, layout_layer_cave, grunt_temple_overflow_open,
          minmay_misc_feat_encased, minmay_misc_feat_alley, uniq_harold,
          uniq_grum
D:10:     layout_roguey, mainiacjoe_overflow_brackets,
          overflow_temple_1_default, erik_lair_orcish_takeover
D:11:     layout_basic, gauntlet_entry_generic, uniq_erica
Temple:   hc_temple_tempest_star
Lair:1:   layout_small_grid, hangedman_tree_tricks
Lair:2:   layout_regular_city, elwin_shoals_entry_rocks

Skill      XL: |  1  2  3  4  5  6  7  8  9 10 11 12 |
---------------+-------------------------------------+-----
Fire Magic     | 3 4 5 7 8 9 11 12 | 12.3
Short Blades   | 1 2 3 4 5 6 7 8 9 |  9.3
Conjurations   | 2 3 4 5 6 7 |  7.2
Stealth        | 2 4 5 6 |  6.0
Fighting       | 3 5 6 7 |  7.7
Evocations     | 3 4 |  4.0
Shields        | 3 5 6 |  6.2
Spellcasting   | 4 |  4.0
Armour         | 3 4 |  4.0
Hexes          | 3 |  3.5
Dodging        | |  1.7

Action                   |  1- 3 |  4- 6 |  7- 9 | 10-12 || total
-------------------------+-------+-------+-------+-------++-------
Melee: Rapier            |    89 |    58 |   191 |   373 ||   711
       Unarmed           |     3 |       |       |       ||     3
       Dagger            |       |    20 |       |       ||    20
       Kick              |       |       |    37 |    67 ||   104
 Cast: Foxfire           |    29 |    59 |   118 |   201 ||   407
       Flame Wave        |       |       |     3 |    15 ||    18
       Inner Flame       |       |       |       |     2 ||     2
       Conjure Flame     |       |       |       |     1 ||     1
Evoke: Wand              |       |     1 |     5 |    10 ||    16
  Use: Scroll            |     6 |     3 |     4 |    13 ||    26
       Potion            |       |     1 |     2 |     2 ||     5
 Stab: Sleeping          |     1 |     6 |     3 |    12 ||    22
       Paralysed         |     1 |    10 |    23 |    37 ||    71
       Invisible         |       |       |       |     7 ||     7
       Distracted        |       |       |       |     1 ||     1
Armor: Robe              |    34 |    30 |    66 |       ||   130
       Skin              |       |       |    28 |       ||    28
       Animal skin       |       |       |     6 |    46 ||    52
       Troll leather arm |       |       |       |    69 ||    69
Dodge: Dodged            |    58 |    61 |   131 |   155 ||   405
Block: Other             |       |       |    12 |    10 ||    22
       Buckler           |       |       |       |   132 ||   132

Table legend: (Time is in decaauts)
 A = Elapsed time spent in this place.
 B = Non-inter-level travel time spent in this place.
 C = Inter-level travel time spent in this place.
 D = Time resting spent in this place.
 E = Time spent auto-exploring this place.
 F = Levels seen in this place.
 G = Mean time per level.
                   A        B        C        D        E       F      G
               +--------+--------+--------+--------+--------+-----+--------+
         Total |  15011 |  14195 |    816 |     50 |  11480 |  15 | 1000.7 |
       Dungeon |  12256 |  11497 |    759 |     50 |   9446 |  11 | 1114.2 |
        Temple |    121 |    104 |     17 |      0 |     82 |   1 |  121.0 |
          Lair |   2147 |   2107 |     40 |      0 |   1721 |   2 | 1073.5 |
      Gauntlet |    486 |    486 |      0 |      0 |    230 |   1 |  486.0 |
               +--------+--------+--------+--------+--------+-----+--------+

Top non-repeatable levels by time:
     D:9: 2003 daAuts
  Lair:2: 1432 daAuts
     D:8: 1321 daAuts
     D:3: 1296 daAuts
     D:6: 1219 daAuts
     D:1: 1088 daAuts
     D:2: 1068 daAuts
     D:4: 1031 daAuts
     D:5: 955 daAuts
     D:7: 830 daAuts
    D:10: 741 daAuts
  Lair:1: 714 daAuts
    D:11: 697 daAuts
Gauntlet: 486 daAuts
  Temple: 121 daAuts
